 Dungeon Crawl Stone Soup version 0.22-a0-392-g5dc3fd9 (webtiles) character file.

507 George the Sneak (level 7, 0/56 HPs)
             Began as a Gnoll Wanderer on May 1, 2018.
             Slain by an orc
             ... wielding a +0 falchion
              (2 damage)
             ... on level 5 of the Dungeon.
             The game lasted 00:13:38 (5349 turns).

George the Sneak (Gnoll Wanderer)                   Turns: 5349, Time: 00:13:38

Health: 0/56       AC:  7    Str: 14    XL:     7   Next: 18%
Magic:  10/10      EV: 12    Int: 15    God:
Gold:   162        SH:  0    Dex: 16    Spells: 10/10 levels left

rFire    . . .     SeeInvis .   a - +2 falchion
rCold    . . .     Gourm    .   (no shield)
rNeg     . . .     Faith    .   w - +1 ring mail of the Everdark {Slay+3}
rPois    .         Spirit   .   (no helmet)
rElec    .         Reflect  .   (no cloak)
rCorr    .         Harm     .   l - +0 pair of gloves (curse)
MR       .....     Rnd*Tele +   (no boots)
Stlth    +++.......             (no amulet)
HPRegen  0.18/turn              r - ring of teleportation (curse)
MPRegen  0.12/turn              u - ring of flight

@: about to teleport
A: distributed training, fangs 1, strong nose
a: Evoke Flight


You were on level 5 of the Dungeon.
You were hungry.

You visited 1 branch of the dungeon, and saw 5 of its levels.

You collected 162 gold pieces.

Inventory:

Hand Weapons
 a - a +2 falchion (weapon)
 j - a +1 dagger of pain
Missiles
 b - a throwing net
 e - 27 arrows
 h - 143 stones (quivered)
 i - 56 poisoned needles
 m - 2 silver javelins
 s - 24 bolts
 v - 3 tomahawks
Armour
 l - a cursed +0 pair of gloves (worn)
 w - the +1 ring mail of the Everdark (worn) {Slay+3}
   (You took it off an orc on level 4 of the Dungeon)

   It affects your accuracy and damage with ranged weapons and melee attacks
   (+3).
Magical Staves
 q - an uncursed staff of conjuration
Jewellery
 r - a cursed ring of teleportation (left hand)
 u - a ring of flight (right hand)
Scrolls
 c - 3 scrolls of teleportation
Potions
 d - a potion of haste
 g - a potion of flight
 n - 2 potions of lignification {unknown}
 o - 3 potions of brilliance {unknown}
 p - a potion of mutation {unknown}
 t - a potion of might {unknown}
Comestibles
 f - 8 rations


   Skills:
 + Level 5.1 Fighting
 + Level 2.2 Short Blades
 + Level 3.4 Long Blades
 + Level 2.2 Axes
 + Level 2.2 Maces & Flails
 + Level 2.2 Polearms
 + Level 3.4 Staves
 + Level 2.2 Slings
 + Level 2.2 Bows
 + Level 2.2 Crossbows
 + Level 3.4 Throwing
 + Level 2.2 Armour
 + Level 3.4 Dodging
 + Level 6.4 Stealth
 + Level 2.2 Shields
 + Level 2.2 Unarmed Combat
 + Level 2.2 Spellcasting
 + Level 1.8 Conjurations
 + Level 1.8 Hexes
 + Level 1.8 Charms
 + Level 1.8 Summonings
 + Level 1.8 Necromancy
 + Level 1.8 Translocations
 + Level 1.8 Transmutations
 + Level 1.8 Fire Magic
 + Level 1.8 Ice Magic
 + Level 1.8 Air Magic
 + Level 1.8 Earth Magic
 + Level 1.8 Poison Magic
 + Level 2.5 Invocations
 + Level 3.4 Evocations


You had 10 spell levels left.
You didn't know any spells.

Dungeon Overview and Level Annotations

Branches:
Dungeon (5/15)
 Temple: D:4-7

Altars:
Fedhas
Gozag
Kikubaaqudgha
Trog
Xom


Innate Abilities, Weirdness & Mutations

Your experience applies equally to all skills.
You have very sharp teeth.
Your uncanny sense of smell can sniff out nearby items.


Message History

* * * LOW HITPOINT WARNING * * *
The orc priest closely misses you.
You feel much better. The orc wizard completely misses you.
You riposte.
You hit the orc wizard.
The orc wizard is lightly wounded.
The orc wizard misses you. The orc closely misses you.
The orc wizard hits you with a dagger of electrocution.
You are electrocuted!
* * * LOW HITPOINT WARNING * * *
As you read the scroll of teleportation, it crumbles to dust.
You feel strangely unstable. The orc wizard barely misses you.
The orc priest misses you. The orc hits you with a falchion.
* * * LOW HITPOINT WARNING * * *
The orc wizard gestures at you while chanting.
You resist with some effort. The orc wizard closely misses you.
You riposte.
You barely miss the orc wizard.
The orc wizard is lightly wounded.
The orc wizard hits you but does no damage.
The orc hits you with a falchion.
You die...

.... #. .
#. .. #.
... ......
.... ......
.....
......
......#####
......
.......o@.#
......
#####.ooo.#
.#####
#.....#
#.....#
#.....#
#.....#
#.....#
#.....#
#######


You could see an orc priest, 2 orc wizards and an orc.

Vanquished Creatures
  A sky beast (D:5)
  2 ogres (D:4)
  A hound (D:4)
  A bullfrog skeleton (D:4)
  A worker ant (D:5)
  3 gnolls (D:4)
  4 adders
  An ooze (D:2)
  3 worms
  8 leopard geckos
  7 orcs
  A ball python (D:2)
  5 giant cockroaches
  5 hobgoblins
  4 jackals (D:4)
  4 kobolds (D:1)
  8 bats
  9 frilled lizards
  6 goblins
  A hobgoblin zombie (D:5)
  5 rats
80 creatures vanquished.

Notes
Turn   | Place    | Note
-------+----------+-------------------------------------------
     0 | D:1      | George the Gnoll Wanderer began the quest for the Orb.
     0 | D:1      | George set off with: a +2 falchion, a +0 quarterstaff, a scroll of teleportation, a +0 robe, a +0 dagger, a ration
     0 | D:1      | Reached XP level 1. HP: 20/20 MP: 2/2
   317 | D:1      | Reached XP level 2. HP: 26/26 MP: 3/3
  1779 | D:2      | Reached XP level 3. HP: 30/31 MP: 4/4
  1932 | D:2      | Reached skill level 6 in Stealth
  1951 | D:2      | Reached skill level 1 in Invocations
  2062 | D:2      | Reached skill level 1 in Short Blades
  2062 | D:2      | Reached skill level 1 in Axes
  2062 | D:2      | Reached skill level 1 in Maces & Flails
  2062 | D:2      | Reached skill level 1 in Polearms
  2062 | D:2      | Reached skill level 1 in Slings
  2062 | D:2      | Reached skill level 1 in Bows
  2062 | D:2      | Reached skill level 1 in Crossbows
  2062 | D:2      | Reached skill level 1 in Armour
  2062 | D:2      | Reached skill level 1 in Shields
  2062 | D:2      | Reached skill level 1 in Unarmed Combat
  2062 | D:2      | Reached skill level 1 in Spellcasting
  2201 | D:2      | Reached XP level 4. HP: 31/38 MP: 6/6
  2632 | D:3      | Found a shimmering altar of Xom.
  3294 | D:3      | Found a faded altar of an unknown god.
  3329 | D:3      | Reached skill level 1 in Conjurations
  3329 | D:3      | Reached skill level 1 in Hexes
  3329 | D:3      | Reached skill level 1 in Charms
  3329 | D:3      | Reached skill level 1 in Summonings
  3329 | D:3      | Reached skill level 1 in Necromancy
  3329 | D:3      | Reached skill level 1 in Translocations
  3329 | D:3      | Reached skill level 1 in Transmutations
  3329 | D:3      | Reached skill level 1 in Fire Magic
  3329 | D:3      | Reached skill level 1 in Ice Magic
  3329 | D:3      | Reached skill level 1 in Air Magic
  3329 | D:3      | Reached skill level 1 in Earth Magic
  3329 | D:3      | Reached skill level 1 in Poison Magic
  3471 | D:3      | Found an opulent altar of Gozag.
  3890 | D:3      | Found a bloodstained altar of Trog.
  3950 | D:4      | Noticed an ogre
  3958 | D:4      | Killed an ogre
  3958 | D:4      | Reached XP level 5. HP: 16/43 MP: 7/7
  4502 | D:4      | Reached XP level 6. HP: 38/50 MP: 8/8
  4699 | D:4      | Got a crude ring mail
  4710 | D:4      | Identified the +1 ring mail of the Everdark {Slay+3} (You took it off an orc on level 4 of the Dungeon)
  4781 | D:4      | Reached skill level 5 in Fighting
  5206 | D:5      | Entered Level 5 of the Dungeon
  5228 | D:5      | Found an ancient bone altar of Kikubaaqudgha.
  5230 | D:5      | Found a blossoming altar of Fedhas.
  5271 | D:5      | Noticed a sky beast
  5289 | D:5      | Killed a sky beast
  5289 | D:5      | Reached XP level 7. HP: 7/56 MP: 10/10
  5346 | D:5      | HP: 2/56 [orc wizard/dagger of electrocution (10)]
  5349 | D:5      | Slain by an orc

Vault maps used:
D:1:      dpeg_cavernosity, minmay_misc_feat_pillars, minmay_misc_feat_room
D:3:      lemuel_coloured_pillars_altar, xom_teletrap_fun,
          nicolae_gozag_cash_rules_everything_around_me,
          chequers_ecumenical_altar_island, first_ration
D:5:      grunt_temple_overflow_growth_and_decay,
          nicolae_overflow_crystal_walls, enter_ossuary_3, uniq_edmund

Skill      XL: |  1  2  3  4  5  6 |
---------------+-------------------+-----
Stealth        | 6 |  6.4
Invocations    | 1 2 |  2.5
Short Blades   | 1 2 |  2.2
Axes           | 1 2 |  2.2
Maces & Flails | 1 2 |  2.2
Polearms       | 1 2 |  2.2
Slings         | 1 2 |  2.2
Bows           | 1 2 |  2.2
Crossbows      | 1 2 |  2.2
Armour         | 1 2 |  2.2
Shields        | 1 2 |  2.2
Unarmed Combat | 1 2 |  2.2
Spellcasting   | 1 2 |  2.2
Conjurations   | 1 |  1.8
Hexes          | 1 |  1.8
Charms         | 1 |  1.8
Summonings     | 1 |  1.8
Necromancy     | 1 |  1.8
Translocations | 1 |  1.8
Transmutations | 1 |  1.8
Fire Magic     | 1 |  1.8
Ice Magic      | 1 |  1.8
Air Magic      | 1 |  1.8
Earth Magic    | 1 |  1.8
Poison Magic   | 1 |  1.8
Long Blades    | 3 |  3.4
Staves         | 3 |  3.4
Throwing       | 3 |  3.4
Dodging        | 3 |  3.4
Evocations     | 3 |  3.4
Fighting       | 5 |  5.1

Action                   |  1- 3 |  4- 6 |  7- 9 || total
-------------------------+-------+-------+-------++-------
Melee: Falchion          |    82 |   126 |     5 ||   213
       Bite              |    12 |    13 |     2 ||    27
       Punch             |       |     2 |       ||     2
Throw: Stone             |    36 |    81 |       ||   117
  Use: Scroll            |       |     5 |     1 ||     6
       Potion            |       |       |     1 ||     1
 Stab: Sleeping          |     7 |     7 |       ||    14
  Eat: Chunk             |     4 |     9 |       ||    13
Armor: Leather armour    |    17 |     2 |       ||    19
       Ring mail         |       |    18 |     5 ||    23
Dodge: Dodged            |    45 |    72 |    12 ||   129
       Rpst.: Falchion   |    10 |    16 |     5 ||    31

Table legend:
 A = Spawn XP
 B = Non-spawn XP
 C = Spawn XP percentage of total XP
 D = Spawn monster count
 E = Non-spawn monster count
 F = Spawn count percentage of total count
 G = Total turns spent on level
                    A         B        C        D         E        F      G
               +---------+---------+-------+---------+---------+-------+---------
         Total |       0 |     725 |   0.0 |       0 |      80 |   0.0 |  5349
               +---------+---------+-------+---------+---------+-------+---------
           D:1 |       0 |      27 |   0.0 |       0 |      18 |   0.0 |  1699
           D:2 |       0 |      70 |   0.0 |       0 |      23 |   0.0 |   909
           D:3 |       0 |      44 |   0.0 |       0 |      15 |   0.0 |  1340
           D:4 |       0 |     402 |   0.0 |       0 |      19 |   0.0 |  1258
           D:5 |       0 |     182 |   0.0 |       0 |       5 |   0.0 |   143
               +---------+---------+-------+---------+---------+-------+---------
